Map: Neon Violet Square LE

Players

SortOf

  • Race: Zerg Zerg
  • Spawn Location: 11:00

TIME (Oliveira) - Winner!

  • Race: Terran Terran
  • Spawn Location: 5:00

Event: WCS Leipzig 2018

VOD

Have the link to the VOD?

Description

Time

  • Played on: Jan. 26, 2018, 12:30 p.m.
  • Length: 11:17

All games in this series

Show
View Real Time Build Order
Export as new Build Order

SortOf Zerg 

Build Orders: Hatch First 

Get SALT Encoding   

  12  0:00  Drone  
  13  0:13  Overlord  
  13  0:17  Drone  
  14  0:32  Drone x2  
  16  0:37  Drone  
  17  0:54  Hatchery  
  17  0:57  Drone  
  17  1:02  Drone  
  18  1:11  Extractor  
  18  1:16  Spawning Pool  
  18  1:18  Drone  
  17  1:21  Drone  
  18  1:29  Drone  
  20  1:40  Drone  
  20  1:50  Overlord  
  20  2:03  Queen  
  20  2:06  Queen  
  20  2:07  Zergling x4  
  26  2:11  Metabolic Boost  
  26  2:13  Drone  
  27  2:17  Drone  
  28  2:23  Drone  
  28  2:28  Drone  
  30  2:34  Drone  
  31  2:38  Drone  
  31  2:39  Queen  
  34  2:44  Overlord  
  34  2:50  Drone  
  34  2:51  Pneumatized Carapace  
  35  2:57  Drone  
  36  3:04  Overlord  
  36  3:06  Drone  
  36  3:12  Zergling x2  
  38  3:13  Drone x3  
  38  3:17  Drone x3  
  44  3:29  Hatchery  
  44  3:30  Drone  
  44  3:32  Drone  
  45  3:38  Drone  
  45  3:40  Overlord  
  46  3:41  Queen  
  46  3:47  Drone x2  
  50  3:48  Overlord  
  50  3:52  Zergling x4  
  51  3:57  Overlord  
  51  4:00  Drone  
  51  4:02  Extractor, Lair  
  51  4:05  Drone  
  51  4:08  Overlord  
  52  4:16  Zergling x2  
  53  4:17  Queen  
  53  4:19  Drone  
  53  4:20  Drone x3  
  59  4:26  Drone x2  
  59  4:27  Baneling Nest  
  59  4:29  Spore Crawler  
  59  4:33  Zergling x6  
  62  4:39  Drone  
  62  4:43  Queen  
  62  4:45  Drone, Spore Crawler  
  65  4:47  Drone  
  65  4:51  Overlord  
  66  4:53  Drone  
  66  4:56  Overlord  
  66  4:58  Drone x3  
  70  5:00  Drone  
  70  5:01  Overseer  
  70  5:02  Drone  
  70  5:04  Drone  
  70  5:05  Drone  
  74  5:10  Centrifical Hooks  
  74  5:14  Drone x2  
  76  5:16  Baneling x2, Drone  
  76  5:17  Drone  
  76  5:19  Drone  
  79  5:24  Zergling x4  
  79  5:29  Drone  
  79  5:32  Zergling x4  
  79  5:35  Zergling x10  
  76  5:38  Drone  
  76  5:41  Drone x2  
  72  5:46  Drone  
  73  5:50  Evolution Chamber x2  
  73  5:52  Drone x2  
  73  5:56  Drone, Extractor  
  73  6:02  Drone x2  
  75  6:06  Extractor  
  75  6:08  Drone, Hydralisk Den  
  75  6:10  Drone  
  75  6:11  Drone  
  76  6:18  Hatchery  
  69  6:19  Zergling x2  
  69  6:23  Zergling x2  
  69  6:24  Zergling x2  
  71  6:26  Zerg Ground Armor Level 1, Drone x2  
  71  6:29  Drone x2  
  71  6:31  Drone  
  76  6:33  Zergling x6  
  76  6:34  Extractor  
  76  6:35  Baneling, Extractor  
  76  6:36  Baneling x4  
  76  6:39  Drone  
  78  6:42  Drone  
  78  6:43  Drone x3  
  82  6:48  Overlord  
  82  6:49  Overlord  
  82  6:52  Muscular Augments  
  82  6:55  Drone, Overlord  
  82  6:56  Drone x3  
  84  7:05  Drone x3  
  84  7:06  Drone  
  87  7:14  Hydralisk x3  
  93  7:18  Hydralisk x4  
  101  7:25  Overlord  
  101  7:26  Overlord  
  101  7:27  Hydralisk x2, Overlord  
  105  7:36  Zergling x4, Hydralisk x2  
  111  7:39  Baneling  
  111  7:40  Baneling x3  
  111  7:43  Baneling  
  111  7:44  Baneling x4  
  111  7:45  Hydralisk  
  111  7:46  Zergling x2, Hydralisk  
  111  7:47  Zergling x8  
  113  8:03  Hydralisk x4  
  113  8:04  Zergling x8  
  104  8:07  Hydralisk  
  104  8:08  Zergling x6  
  98  8:15  Hydralisk x2  
  98  8:18  Drone x2  
  81  8:20  Drone x3  
  81  8:21  Drone x2  
  81  8:23  Queen  
  81  8:25  Drone  
  81  8:26  Drone  
  88  8:28  Drone  
  88  8:30  Drone  
  87  8:36  Zergling x4  
  87  8:37  Baneling  
  87  8:38  Baneling x4  
  88  8:45  Zergling x4  
  88  8:46  Zergling x2  
  88  8:47  Zerg Ground Armor Level 2  
  91  8:49  Zergling x6  
  91  8:52  Extractor  
  88  8:57  Zergling x4  
  80  9:03  Zergling x4  
  80  9:06  Zergling x4  
  72  9:12  Queen x3  
  72  9:16  Hydralisk x2  
  82  9:19  Baneling  
  82  9:20  Baneling x4  
  82  9:27  Hydralisk x3  
  88  9:31  Zergling x6  
  88  9:32  Zergling x2  
  92  9:38  Baneling x2  
  92  9:41  Baneling x2  
  92  9:43  Zergling x10  
  97  9:46  Baneling x4  
  97  9:47  Baneling  
  97  9:48  Baneling  
  90  10:00  Zergling x10  
  90  10:13  Hatchery, Zergling x8  
  93  10:21  Zergling x2  
  92  10:29  Zergling x4  
  94  10:36  Zergling x6  
  94  10:37  Infestation Pit  
  94  10:38  Baneling x4  
  96  10:49  Hydralisk x3  
  98  10:55  Baneling x2  
  98  10:56  Baneling x2, Hatchery  
  100  10:58  Zergling x4  
  100  10:59  Zergling x12  
Show
View Real Time Build Order
Export as new Build Order

TIME Terran - Winner!

Build Orders: Liberator Opening, Reaper Expand, Bio Tank 

Get SALT Encoding   

  12  0:00  SCV  
  13  0:12  SCV  
  14  0:17  Supply Depot  
  14  0:24  SCV  
  15  0:39  SCV  
  15  0:40  Barracks  
  16  0:45  Refinery  
  16  0:51  SCV  
  17  1:03  SCV  
  18  1:15  SCV  
  19  1:27  Orbital Command, Reaper  
  20  1:42  Command Center  
  20  1:53  SCV  
  21  1:54  Supply Depot  
  21  1:59  Marine  
  22  2:05  SCV  
  23  2:09  Factory  
  23  2:15  Refinery  
  23  2:17  SCV  
  23  2:22  Barracks Reactor  
  24  2:29  SCV  
  25  2:41  SCV  
  26  2:53  SCV, Starport  
  26  2:56  Orbital Command  
  27  3:03  Hellion x2  
  31  3:05  SCV  
  31  3:07  Barracks Tech Lab  
  32  3:18  Supply Depot  
  32  3:20  SCV  
  32  3:24  SCV  
  32  3:25  Hellion x2  
  38  3:32  SCV  
  38  3:36  SCV, Viking  
  41  3:44  SCV  
  41  3:45  Supply Depot  
  42  3:49  SCV, Liberator  
  42  3:51  Hellion x2  
  47  3:56  SCV  
  47  4:01  SCV  
  49  4:09  SCV  
  53  4:14  Cyclone  
  53  4:15  Cyclone  
  59  4:17  Barracks Tech Lab  
  59  4:18  SCV  
  60  4:29  Supply Depot  
  60  4:30  SCV  
  61  4:32  SCV, Command Center  
  61  4:37  Stimpack  
  62  4:49  Barracks  
  62  4:50  Marine  
  62  4:51  SCV x2  
  65  4:55  Factory Reactor, Barracks  
  65  4:59  Supply Depot  
  65  5:01  Starport Reactor  
  65  5:03  SCV x2  
  67  5:08  Marine  
  67  5:10  Engineering Bay x2  
  67  5:13  Refinery  
  68  5:14  Refinery  
  68  5:19  SCV  
  69  5:26  Marine  
  70  5:30  SCV  
  70  5:33  SCV  
  70  5:42  SCV  
  65  5:44  Marine  
  65  5:45  SCV  
  65  5:46  Terran Infantry Weapons Level 1, Terran Infantry Armor Level 1  
  64  5:50  Medivac  
  64  5:51  Marine x2  
  64  5:54  SCV  
  64  5:55  Orbital Command  
  64  5:56  Marine x2  
  67  5:57  SCV  
  67  6:01  Siege Tank  
  67  6:02  Marine  
  72  6:07  SCV  
  72  6:09  Barracks, Marine x2  
  72  6:10  SCV, Barracks  
  76  6:14  Marine x2  
  77  6:19  Marine  
  77  6:20  SCV  
  77  6:22  SCV x2  
  77  6:25  Supply Depot  
  81  6:27  Marine x2  
  81  6:29  Medivac  
  81  6:30  Medivac  
  81  6:31  Marine  
  81  6:32  Marine  
  89  6:33  Siege Tank  
  89  6:34  SCV  
  89  6:39  Supply Depot  
  93  6:42  Combat Shields  
  93  6:46  SCV x3, Marine x2  
  98  6:49  Refinery, Supply Depot  
  98  6:50  Refinery, Armory  
  98  6:52  Marine x2  
  100  6:55  Marine  
  100  6:59  Barracks Reactor x2  
  100  7:00  SCV x2  
  97  7:09  Marine x2  
  97  7:10  SCV, Marine  
  97  7:12  Siege Tank  
  97  7:13  SCV  
  97  7:14  SCV  
  97  7:15  Marine  
  106  7:18  Marine  
  106  7:22  SCV  
  109  7:25  SCV  
  109  7:26  Medivac, Marine  
  109  7:27  Marine, Factory  
  115  7:30  SCV, Supply Depot, Marine  
  115  7:32  Supply Depot  
  115  7:34  SCV  
  117  7:50  Command Center  
  117  7:52  SCV, Marine x7  
  117  7:53  SCV x2  
  117  7:56  Marine  
  127  8:03  Marine  
  127  8:04  SCV  
  119  8:06  SCV  
  119  8:07  Siege Tank  
  119  8:08  Terran Infantry Weapons Level 2, Terran Infantry Armor Level 2  
  119  8:09  Terran Vehicle Weapons Level 1  
  119  8:10  SCV, Marine  
  120  8:16  SCV, Marine  
  120  8:18  SCV  
  120  8:19  Marine  
  98  8:21  Marine  
  98  8:22  SCV  
  98  8:23  Medivac x2, Marine x2  
  102  8:28  SCV, Marine  
  102  8:30  SCV  
  102  8:34  Marine x2  
  106  8:38  Factory Tech Lab  
  106  8:39  SCV, Siege Tank  
  106  8:40  SCV  
  112  8:41  Marine  
  112  8:42  SCV, Marine  
  112  8:46  Marine x2  
  112  8:47  Marine  
  118  8:49  Marine x2  
  118  8:52  SCV  
  120  8:57  Marine  
  120  8:59  Marine  
  113  9:06  Marine  
  113  9:08  Marine  
  103  9:10  Marine x5  
  103  9:11  Siege Tank  
  103  9:12  Medivac x2, Siege Tank  
  103  9:13  SCV  
  103  9:15  Marine  
  103  9:16  Marine  
  121  9:17  SCV  
  121  9:19  SCV  
  123  9:24  Marine  
  123  9:25  Supply Depot  
  123  9:26  Marine  
  123  9:28  Marine x4  
  123  9:30  Marine  
  130  9:33  Marine  
  130  9:34  Marine  
  132  9:42  Marine  
  132  9:44  Planetary Fortress, Marine  
  134  9:45  Marine  
  134  9:46  Marine x3  
  134  9:50  Marine  
  134  9:51  Barracks x2  
  134  9:52  Barracks  
  133  9:53  Marine x2  
  133  9:55  Medivac x2  
  134  10:00  Marine  
  134  10:01  Marine  
  134  10:05  Marine x4  
  131  10:07  Siege Tank x2  
  131  10:08  Marine  
  131  10:11  Marine x2  
  137  10:17  Marine  
  137  10:18  Command Center  
  137  10:19  Marine  
  137  10:21  Supply Depot  
  139  10:23  Marine  
  139  10:24  SCV  
  139  10:28  SCV x3  
  141  10:36  SCV  
  141  10:40  SCV x2  
  144  10:45  Marine  
  144  10:46  Command Center  
  144  10:47  Barracks Tech Lab x2  
  144  10:48  Barracks Tech Lab  
  144  10:49  Marine  
  146  10:52  Marine x3  
  146  10:53  Marine x2  
  146  10:55  Marine  
  146  10:56  Marine  
Tags
 
Add a new tag
Caveats
  • Supply blocks, unpowered buildings, or Contaminate may cause inaccurate times.
  • Supply counts are checked every 10 seconds.